 Dungeon Crawl Stone Soup version 0.26.0-15-gc6cd9f700b (webtiles) character file.

Game seed: 4236597534753410807

48 ythm the Grasshopper (level 3, -3/21 HPs)
             Began as a Deep Elf Warper on Jan 15, 2021.
             Slain by an ufetubus (4 damage)
             ... on level 2 of the Dungeon.
             The game lasted 00:06:10 (1601 turns).

ythm the Grasshopper (Deep Elf Warper)              Turns: 1601, Time: 00:06:10

Health: -3/21      AC:  6    Str:  8    XL:     3   Next: 50%
Magic:  9/9        EV: 27    Int: 18    God:
Gold:   75         SH:  0    Dex: 14    Spells: 3/8 levels left

rFire    . . .     SeeInvis .   a - +0 short sword
rCold    . . .     Faith    .   (no shield)
rNeg     . . .     Spirit   .   b - +0 leather armour
rPois    .         Reflect  .   c - +2 hat
rElec    .         Harm     .   (no cloak)
rCorr    .         Rampage  .   f - +0 pair of gloves (curse)
Will     .....                  (no boots)
Stlth    +.........             m - amulet of the acrobat
HPRegen  0.07/turn              (no ring)
MPRegen  0.11/turn              (no ring)

@: acrobat
A: no striking features
a: no special abilities


You were on level 2 of the Dungeon.
You visited 1 branch of the dungeon, and saw 2 of its levels.

You collected 75 gold pieces.

Inventory:

Hand Weapons
 a - a +0 short sword (weapon)
Missiles
 e - 5 boomerangs of dispersal (quivered)
 h - 25 poisoned darts
Armour
 b - a +0 leather armour (worn)
 c - a +2 hat (worn)
 f - a cursed +0 pair of gloves (worn)
Jewellery
 i - an uncursed amulet of magic regeneration
 m - an amulet of the acrobat (around neck)
Scrolls
 d - a scroll of blinking
 g - a scroll of identify {unknown}
 j - a scroll of remove curse {unknown}
 l - a scroll of amnesia {unknown}
Potions
 k - a potion of magic {unknown}


   Skills:
 + Level 1.9 Fighting
 + Level 2.3 Short Blades
 + Level 1.6 Throwing
 - Level 1.0 Armour
 + Level 2.9 Dodging
 - Level 3.0 Spellcasting
 + Level 3.8 Translocations


You had 3 spell levels left.
You knew the following spells:

 Your Spells              Type           Power        Failure   Level
a - Blink                 Tloc           N/A          8%          2
b - Teleport Other        Tloc           16%          14%         3

Your spell library contained the following spells:

 Spells                   Type           Power        Failure   Level
 Gell's Gravitas          Tloc           8%           14%         3
 Lesser Beckoning         Tloc           8%           14%         3
 Passage of Golubria      Tloc           N/A          43%         4


Dungeon Overview and Level Annotations

Branches:
Dungeon (2/15)

Altars:


Message History

You closely miss the ufetubus.
The ufetubus is heavily wounded.
The ufetubus misses you. The ufetubus closely misses you.
You closely miss the ufetubus.
The ufetubus is heavily wounded.
The ufetubus closely misses you. The ufetubus hits you.
The ufetubus hits you but does no damage.
The ufetubus hits you.
* * * LOW HITPOINT WARNING * * *
You hit the ufetubus.
The ufetubus is severely wounded.
The ufetubus misses you. The ufetubus hits you.
* * * LOW HITPOINT WARNING * * *
Unknown command.
The ufetubus misses you. The ufetubus closely misses you.
The ufetubus hits you.
* * * LOW HITPOINT WARNING * * *
The ufetubus closely misses you. The ufetubus hits you.
You die...

#.......#
+.......#
#.......#
#.###g### #.
#.# ###. #B#
....#.#
#..#5#
#####..#@###
#..........#
#..........#
#.
#..........#
#.#
#^.........#
#.#.#
#..†.......#
#.#.#
#..........#
#.#.#
#.......>..#
#.#.#
#..........#


You could see an ufetubus, a giant cockroach and a hobgoblin.

Vanquished Creatures
  An ooze (D:1)
  4 dart slugs (D:1)
  2 goblins (D:1)
  6 hobgoblins (D:1)
  3 jackals (D:1)
  A ball python (D:1)
  6 bats
  2 frilled lizards (D:1)
  5 kobolds
  6 rats (D:1)
36 creatures vanquished.

Notes
Turn   | Place    | Note
-------+----------+-------------------------------------------
     0 | D:1      | ythm the Deep Elf Warper began the quest for the Orb.
     0 | D:1      | Reached XP level 1. HP: 12/12 MP: 6/6
   143 | D:1      | Reached XP level 2. HP: 9/17 MP: 8/8
   395 | D:1      | Reached skill level 1 in Armour
   432 | D:1      | Learned a level 2 spell: Blink
   869 | D:1      | Reached XP level 3. HP: 12/21 MP: 9/9
  1529 | D:2      | Learned a level 3 spell: Teleport Other
  1597 | D:2      | HP: 1/21 [ufetubus (2)]
  1601 | D:2      | Slain by an ufetubus

Illustrated notes

Levels and vault maps discovered:
D:1:      grunt_arrival_lava_bath, layout_rooms, st_stairs_6
D:2:      layout_basic

Skill      XL: |  1  2 |
---------------+-------+-----
Armour         | 1 |  1.0
Fighting       | |  1.9
Short Blades   | |  2.3
Throwing       | |  1.6
Dodging        | |  2.9
Spellcasting   | |  3.0
Translocations | |  3.8

Action                   || total
-------------------------++-------
Melee: Short sword       ||   186
Armor: Leather armour    ||    89
Dodge: Dodged            ||   174
